 Dungeon Crawl Stone Soup version 0.19.4 (webtiles) character file.

28 vatarom the Insei (level 3, 0/23 HPs)
             Began as an Octopode Transmuter on Feb 3, 2017.
             Slain by a leopard gecko (3 damage)
             ... on level 2 of the Dungeon.
             The game lasted 00:02:15 (1211 turns).

vatarom the Insei (Octopode Transmuter)             Turns: 1211, Time: 00:02:16

Health: 0/23       AC:  1    Str:  9    XL:     3   Next: 12%
Magic:  6/6        EV: 13    Int: 15    God:
Gold:   80         SH:  0    Dex: 13    Spells: 3 memorised, 0 levels left

rFire  . . .     SeeInvis .       - Unarmed
rCold  . . .     Gourm    .     (no shield)
rNeg   . . .     Faith    .     (helmet restricted)
rPois  .         Spirit   .     (no amulet)
rElec  .         Reflect  .     g - ring of teleportation (curse)
rCorr  .         Harm     .     (no ring)
MR     .....     Rnd*Tele +     (no ring)
Stlth  ++........               (no ring)
                                (no ring)
                                (no ring)
                                (no ring)
                                (no ring)

@: no status effects
A: almost no armour, stealthy swim, amphibious, 8 rings, constrict 8, camouflage
1, gelatinous body 1
a: no special abilities


You were on level 2 of the Dungeon.
You were very hungry.

You visited 1 branch of the dungeon, and saw 2 of its levels.

You collected 80 gold pieces.

Inventory:

Missiles
 a - 38 arrows
Jewellery
 g - a cursed ring of teleportation (left tentacle)
Scrolls
 d - a scroll of identify
 f - a scroll of fog
Potions
 e - a potion of berserk rage
Books
 b - a book of Changes

   Spells                             Type                      Level
   a - Beastly Appendage              Transmutation                1
   b - Sticks to Snakes               Transmutation                2
   c - Spider Form                    Transmutation/Poison         3
   d - Ice Form                       Ice/Transmutation            4
   e - Blade Hands                    Transmutation                5
Comestibles
 c - 3 bread rations


   Skills:
 - Level 1.0 Fighting
 - Level 2.0 Dodging
 * Level 3.6 Unarmed Combat
 + Level 2.3 Spellcasting
 + Level 2.4 Transmutations


You couldn't memorise any spells.
You knew the following spells:

 Your Spells              Type           Power        Failure   Level  Hunger
a - Beastly Appendage     Tmut           #.....       10%         1    #......
b - Sticks to Snakes      Tmut           #.......     12%         2    ###....
c - Spider Form           Tmut/Pois      #.........   43%         3    ###....


Dungeon Overview and Level Annotations

Branches:
Dungeon (2/15)

Altars:
Trog


Innate Abilities, Weirdness & Mutations

You cannot wear most types of armour.
You are very stealthy in the water. (Stealth+)
You are amphibious.
You can wear up to eight rings at the same time.
You can use your tentacles to constrict eight enemies at once.
Your skin changes colour to match your surroundings (Stealth+).
Your rubbery body absorbs attacks. (AC +1, EV +1)


Message History

The goblin hits you.
You tentacle-slap the goblin. You grab the goblin.
The goblin is moderately wounded.
You constrict the goblin. The goblin hits you.
* * * LOW HITPOINT WARNING * * *
A leopard gecko comes into view.
You barely miss the goblin.
The goblin is heavily wounded.
You constrict the goblin. The goblin hits you.
* * * LOW HITPOINT WARNING * * *
The leopard gecko hisses angrily.
You tentacle-slap the goblin.
You kill the goblin!
You closely miss the leopard gecko. Your grab misses the leopard gecko.
The leopard gecko misses you.
You tentacle-slap the leopard gecko. You grab the leopard gecko.
Your squeeze misses the leopard gecko.
The leopard gecko is moderately wounded.
You constrict the leopard gecko. The leopard gecko bites you.
You die...

## .. ## .# .# .#
.#########
#######.#
.........#
#....@l.#
.†.......#
#.####$.#
.........# #.#
#).# .........#
#.# #).#
.........# #.#
#......#
.........###.#
.........
...#.###.....#
.......... ##.#.#
#.#...##..........
#...#
#>....##..........


You could see a leopard gecko.

Vanquished Creatures
  A worm (D:2)
  2 dart slugs
  A giant cockroach (D:1)
  4 goblins
  2 hobgoblins
  3 kobolds
  2 bats (D:2)
  4 frilled lizards
  3 rats
22 creatures vanquished.

Notes
Turn   | Place    | Note
-------+----------+-------------------------------------------
     0 | D:1      | vatarom the Octopode Transmuter began the quest for the Orb.
     0 | D:1      | Reached XP level 1. HP: 13/13 MP: 3/3
   146 | D:1      | Reached XP level 2. HP: 18/18 MP: 5/5
   224 | D:1      | Learned a level 2 spell: Sticks to Snakes
   972 | D:2      | Found a bloodstained altar of Trog.
  1061 | D:2      | Reached XP level 3. HP: 11/23 MP: 3/6
  1205 | D:2      | Learned a level 3 spell: Spider Form
  1211 | D:2      | Slain by a leopard gecko

Action                   || total
-------------------------++-------
Melee: Unarmed           ||    43
       Constrict         ||    11
       Tentacles         ||     6
       Kick              ||     1
 Cast: Beastly Appendage ||     3
       Sticks to Snakes  ||     2
  Use: Scroll            ||     7
       Potion            ||     3
 Stab: Sleeping          ||     4
Dodge: Dodged            ||    13
